 Dungeon Crawl Stone Soup version 0.30-a0-782-ge64f9170bb (webtiles) character file.

Game seed: 8107352130619495334

4959 kae the Destroyer (level 10, -4/53 HPs)
             Began as a Tengu Fire Elementalist on Feb 28, 2023.
             Was a Follower of Vehumet.
             Slain by an orc warrior
             ... wielding a +0 halberd
              (19 damage)
             ... on level 8 of the Dungeon.
             The game lasted 00:09:53 (9959 turns).

kae the Destroyer (Tengu Fire Elementalist)         Turns: 9959, Time: 00:09:53

Health: -4/53      AC:  3    Str: 10    XL:     10   Next: 53%
Magic:  17/21      EV: 20    Int: 19    God:    Vehumet [*.....]
Gold:   405        SH:  0    Dex: 14    Spells: 13/23 levels left

rFire   + . .      SeeInvis +    x - staff of fire {!a}
rCold   . . .      Faith    .    (no shield)
rNeg    . . .      Spirit   .    a - +1 robe
rPois   .          Reflect  .    (helmet restricted)
rElec   .          Harm     .    (no cloak)
rCorr   .          Rampage  .    (no gloves)
Will    .....                    (boots unavailable)
Stlth   ++                       j - amulet of magic regeneration
HPRegen 0.28/turn                E - +5 ring of evasion
MPRegen 0.57/turn                v - ring of see invisible

@: flying quickly and evasively, quick
A: beak, talons 3, nimble flight
a: Renounce Religion


You were on level 8 of the Dungeon.
You worshipped Vehumet.
Vehumet was aware of your devotion.
You visited 2 branches of the dungeon, and saw 9 of its levels.
You also visited: Sewer.

You collected 405 gold pieces.


Innate Abilities, Weirdness & Mutations

You have a beak for a mouth.
You have claws for feet.
Your magical nature lets you fly swiftly and evasively.


   Skills:
 + Level 2.2 Fighting
 + Level 3.4 Dodging
 - Level 2.0 Stealth
 * Level 7.0 Spellcasting
 - Level 11.8 Conjurations
 - Level 10.5 Fire Magic


You had 13 spell levels left.
You knew the following spells:

 Your Spells              Type           Power      Damage    Failure   Level
a - Foxfire               Conj/Fire      100%       2x1d9     1%          1
b - Scorch                Fire           100%       2d10      1%          2
c - Inner Flame           Hex/Fire       40%        N/A       3%          3
d - Flame Wave            Conj/Fire      65%        2d15      1%          4

Your spell library contained the following spells:

 Spells                   Type           Power      Damage    Failure   Level
 Kiss of Death            Conj/Necr      100%       2d13      1%          1
 Hailstorm                Conj/Ice       29%        3d8       2%          3
 Ignite Poison            Fire/Tmut/Pois 30%        N/A       7%          3
 Kindle Blastsparks       Fire/Tloc/Air  60%        2d15      7%          3
 Freeze                   Ice            24%        1d4       10%         1
 Frozen Ramparts          Ice            12%        1d2       30%         3
 Summon Guardian Golem    Hex/Summ       6%         N/A       30%         3
 Freezing Cloud           Conj/Ice/Air   10%        6-21      50%         5
 Orb of Destruction       Conj           25%        9d9       54%         7
 Spellforged Servitor     Conj/Summ      14%        N/A       100%        7

Inventory:

Hand Weapons
 d - a +1 rapier
   (You found it on level 1 of the Dungeon)
 y - the +2 scimitar of Gyujemn {freeze, rCorr}
   (You found it on level 6 of the Dungeon)

   rCorr:     It protects you from acid and corrosion.
Missiles
 c - 58 stones
 g - 27 poisoned darts
 m - 7 boomerangs
 p - a curare-tipped dart {=f}
 F - 6 javelins
Armour
 a - a +1 robe (worn)
Magical Staves
 x - a staff of fire (weapon) {!a}
   (You found it on level 5 of the Dungeon)
 I - a staff of death {!a}
   (You found it on level 7 of the Dungeon)
Jewellery
 j - an amulet of magic regeneration (around neck)
   (You found it on level 4 of the Dungeon)
 t - an amulet of reflection
   (You found it on level 4 of the Dungeon)
 v - a ring of see invisible (right hand)
   (You found it on level 8 of the Dungeon)
 C - a ring of ice
   (You found it on level 6 of the Dungeon)
 D - a +6 ring of dexterity
   (You found it on level 7 of the Dungeon)
 E - a +5 ring of evasion (left hand)
   (You found it on level 5 of the Dungeon)
 W - a ring of magical power
   (You found it on level 8 of the Dungeon)
Wands
 u - a wand of roots (10)
   (You found it on level 5 of the Dungeon)
 G - a wand of flame (22)
   (You found it on level 8 of the Dungeon)
 K - a wand of light (6)
   (You found it on level 8 of the Dungeon)
Scrolls
 l - 2 scrolls of fog
 n - 2 scrolls of enchant weapon
 o - a scroll of enchant armour
 w - a scroll of magic mapping {!r}
 A - 2 scrolls of fear
 B - a scroll of silence {!r}
 H - 2 scrolls of teleportation {@r4}
 J - a scroll of blinking {unknown}
Potions
 b - 2 potions of lignification {!q}
 e - a potion of ambrosia {unknown}
 f - a potion of flight {unknown}
 h - 5 potions of curing {@q1}
 i - 3 potions of mutation {!q}
 k - a potion of degeneration {!q}
 q - 4 potions of heal wounds {@q2}
 r - 2 potions of resistance {unknown}
 s - 2 potions of might
 z - a potion of attraction {!q}
 L - a potion of cancellation {unknown}

Dungeon Overview and Level Annotations

Branches:
Dungeon (8/15) Zot: 26073  Temple (1/1) D:7 Zot: 5855    Lair (0/5) D:8
  Sewer (visited)

Altars:
Ashenzari
Cheibriados
Dithmenos
Elyvilon
Fedhas
Gozag
Hepliaklqana
Kikubaaqudgha
Makhleb
Nemelex Xobeh
Okawaru
Qazlal
Ru
Sif Muna
Trog
Uskayaw
Vehumet
Wu Jian
Xom
Yredelemnul
Zin
The Shining One

Shops:
D:8 *

Annotations:
D:3 Terence

#######
#############.....###
#.............P.....###
#<[......###....P.P...##
#.......)##............#
#........##..PP....P...##
.........#P..P.P@....PP.#
#...>....#..PP.#'##.....#
...........P..P#.o#....P##
..###....#..P..#.>#......#
#.######...PPP.####......#
#...#####...P.P.P.P......#
###...........[P...P.....#
#######....[.PP.P.....##
#...[.......PP#.#


You could see an orc warrior (combustible).


Message History

A centaur is nearby!
Casting: Foxfire (safe; 1% risk of failure)
Confirm with . or Enter, or press ? or * to list all spells.
You feel a surge of power!
Flames lash the centaur.
The centaur's fire resistance burns away.
The centaur closely misses you. The centaur kicks you.
The centaur closely misses you. The centaur misses you. The centaur hits you.
The centaur closely misses you. ๐Ÿ˜• HP[-4] MP[-1]
You take 4 damage, and now have 49/53 hp.
You lost 1 mp, and now have 20/21 mp.
A centaur is nearby!
Unknown command.
Casting: Scorch (safe; 1% risk of failure)
Confirm with . or Enter, or press ? or * to list all spells.
You feel a surge of power!
Flames lash the centaur.
The centaur is burned terribly!
You kill the centaur!
Vehumet accepts your kill. ๐Ÿ˜• HP[+1] MP[-1]
You lost 1 mp, and now have 19/21 mp.
Things that are here:
a +0 shortbow; a centaur corpse
There is an entrance to Egoeclu's Eclectic Emporium here.
You can access your shopping list by pressing '$'. ๐Ÿ˜Ž HP[+3] MP[+2]
Your hp is fully restored (53).
Your mp is fully restored (21).
As you read the scroll of teleportation {@r4}, it crumbles to dust.
You feel strangely unstable.
As you read the scroll labelled PORCHE QOVOUNN, it crumbles to dust.
It is a scroll of amnesia.
Really abort (and waste the scroll)?
Okay, then.
Okay, then.
Okay, then.
Okay, then.
You're wearing all the rings you can.
Remove which one? (? for menu, Esc to cancel) < or
E - a +5 ring of evasion; > or
D - a +6 ring of dexterity You remove your +6 ring of dexterity.
You feel clumsy.
v - a ring of see invisible (right hand)
(D) Dungeon (T) Temple
Where to? (Enter - D:8, ? - help)
Your surroundings suddenly seem different.
Items here: )) รทรทรท.
You see here a +0 club.
Things that are here:
a +0 short sword; a kobold corpse You see here a +0 short sword.
You see here a +0 short sword.
You see here a bullfrog corpse.
Key pressed, stopping explore.
You now have 405 gold pieces (gained 15).
g - 27 poisoned darts (gained 5)
W - a ring of magical power
J - a scroll labelled POSAHY SEORO
Found an escape hatch in the floor.
Found a stone staircase leading up.
You reach down and open the door.
An orc warrior comes into view. It is wielding a +0 halberd.
Found a scale mail.
Found a staircase to the Lair.
An orc warrior is nearby!
Okay, then.
Casting: Scorch (safe; 1% risk of failure)
Confirm with . or Enter, or press ? or * to list all spells.
You feel a surge of power!
Flames lash the orc warrior but do no damage.
The orc warrior shouts!
The orc warrior barely misses you.
The orc warrior closely misses you. ๐Ÿ˜Ž MP[-1]
You lost 1 mp, and now have 20/21 mp.
Casting: Scorch (safe; 1% risk of failure)
Confirm with . or Enter, or press ? or * to list all spells.
You feel a surge of power!
Flames lash the orc warrior but do no damage.
The orc warrior hits you from afar with a +0 halberd!
The orc warrior misses you. ๐Ÿ˜ฎ HP[-15] MP[-1]
You take 15 damage, and now have 38/53 hp.
MASSIVE DAMAGE!! (PAUSE)
You lost 1 mp, and now have 19/21 mp.
Casting: Scorch (safe; 1% risk of failure)
Confirm with . or Enter, or press ? or * to list all spells.
You feel a surge of power!
Flames lash the orc warrior.
The orc warrior's fire resistance burns away.
The orc warrior hits you from afar with a +0 halberd!
The orc warrior hits you from afar with a +0 halberd!
* * * LOW HITPOINT WARNING * * *
๐Ÿ˜จ HP[-23] MP[-1]
You take 23 damage, and now have 15/53 hp.
MASSIVE DAMAGE!! (PAUSE)
You lost 1 mp, and now have 18/21 mp.
Casting: Scorch (safe; 1% risk of failure)
Confirm with . or Enter, or press ? or * to list all spells.
You feel a surge of power!
Flames lash the orc warrior.
The orc warrior is burned terribly!
The orc warrior hits you from afar with a +0 halberd!!
You die...

Skill      XL: |  1  2  3  4  5  6  7  8  9 10 |
---------------+-------------------------------+-----
Conjurations   | 2 3 4 5 7 9 11 | 11.8
Fire Magic     | 4 5 6 8 10 | 10.5
Spellcasting   | 3 4 5 7 |  7.0
Fighting       | 2 |  2.2
Dodging        | 3 |  3.4
Stealth        | |  2.0

Action                     |  1- 3 |  4- 6 |  7- 9 | 10-12 || total
---------------------------+-------+-------+-------+-------++-------
  Melee: Unarmed           |     5 |       |       |       ||     5
         Peck              |     1 |       |       |       ||     1
         Rapier            |       |       |     2 |       ||     2
         Kick              |       |       |     2 |       ||     2
         Staff             |       |       |     1 |       ||     1
   Cast: Foxfire           |    71 |    48 |   224 |    39 ||   382
         Scorch            |     3 |     9 |    69 |    23 ||   104
         Inner Flame       |       |       |     1 |       ||     1
         Flame Wave        |       |       |       |     4 ||     4
    Use: Potion            |     1 |       |       |       ||     1
         Scroll            |     4 |     4 |     8 |     3 ||    19
 Armour: Robe              |     2 |     2 |    14 |     5 ||    23
  Dodge: Dodged            |    18 |    24 |   107 |    60 ||   209

Levels and vault maps discovered:
D:1:      co_arrival_square_in_a_square_in_a_square, layout_loops_ring
D:2:      layout_loops_ring, basic_altar
D:3:      layout_loops_corners, hellmonk_ecumenical_altar_zigzags,
          uniq_crazy_yiuf_cottage, uniq_terence
D:4:      layout_gridville, minmay_misc_feat_x, minmay_ruined_shrine
D:5:      layout_basic, ashenzari_conservatory_becter, portal_sewer_entry_f,
          amcnicky_mini_pool_medium
D:6:      layout_basic
D:7:      layout_basic, mainiacjoe_overflow_alcove_4,
          minmay_temple_entry_offerings, amcnicky_mini_rare_corridor_liquid
D:8:      layout_rooms, grunt_lair_entry_orc_guard_hut, nicolae_alphabet_shops
Temple:   nicolae_temple_bog_church

Notes
Turn   | Place    | Note
-------+----------+-------------------------------------------
     0 | D:1      | kae the Tengu Fire Elementalist began the quest for the
                  | Orb.
     0 | D:1      | Reached XP level 1. HP: 10/10 MP: 4/4
     0 | D:1      | magus.rc [v1.11.3]
    97 | D:1      | Reached skill level 2 in Conjurations
    97 | D:1      | Reached XP level 2. HP: 15/15 MP: 1/6
   674 | D:1      | Reached XP level 3. HP: 19/19 MP: 4/7
   680 | D:1      | Learned a level 2 spell: Scorch
   684 | D:1      | Learned a level 3 spell: Inner Flame
  1148 | D:2      | Reached skill level 3 in Conjurations
  1188 | D:2      | Reached skill level 4 in Fire Magic
  1622 | D:2      | Reached XP level 4. HP: 24/24 MP: 6/8
  1727 | D:2      | Found a burning altar of Makhleb.
  1939 | D:3      | Found a faded altar of an unknown god.
  2048 | D:3      | Noticed a scorpion
  2059 | D:3      | Killed a scorpion
  2060 | D:3      | Reached skill level 4 in Conjurations
  2060 | D:3      | Gained mutation: Your magical nature lets you fly swiftly
                  | and evasively. [Tengu growth]
  2060 | D:3      | Reached XP level 5. HP: 28/28 MP: 2/10
  2242 | D:3      | Noticed Terence
  2843 | D:4      | Noticed an ogre
  2849 | D:4      | HP: 5/28 [ogre/+0 giant spiked club (23)]
  2852 | D:4      | Killed an ogre
  2853 | D:4      | Reached skill level 3 in Spellcasting
  2853 | D:4      | Reached skill level 5 in Fire Magic
  2853 | D:4      | Reached XP level 6. HP: 7/32 MP: 3/11
  3021 | D:4      | Reached skill level 5 in Conjurations
  3183 | D:4      | Reached XP level 7. HP: 36/36 MP: 9/13
  3268 | D:4      | You pick up a book of Dangerous Friends and begin
                  | reading...
  3268 | D:4      | You add the spells Summon Guardian Golem, Orb of
                  | Destruction and Spellforged Servitor to your library.
  3335 | D:4      | Reached skill level 6 in Conjurations
  3429 | D:4      | Learned a level 4 spell: Flame Wave
  3510 | D:4      | You pick up a book of Frost and begin reading...
  3510 | D:4      | You add the spells Freeze, Frozen Ramparts and Hailstorm to
                  | your library.
  3560 | D:4      | Found a bloodstained altar of Trog.
  3602 | D:4      | Reached skill level 6 in Fire Magic
  4096 | D:5      | Entered Level 5 of the Dungeon
  4164 | D:4      | Reached skill level 7 in Conjurations
  4314 | D:5      | Found a glowing drain.
  4324 | Sewer    | Entered a sewer
  4658 | Sewer    | Reached skill level 4 in Spellcasting
  4658 | Sewer    | Reached XP level 8. HP: 29/41 MP: 13/15
  4865 | Sewer    | Reached skill level 7 in Fire Magic
  5241 | D:5      | Reached skill level 8 in Conjurations
  5495 | D:5      | Reached skill level 8 in Fire Magic
  5626 | D:5      | Reached skill level 9 in Conjurations
  5753 | D:5      | Reached XP level 9. HP: 45/45 MP: 17/17
  5955 | D:5      | Reached skill level 5 in Spellcasting
  5977 | D:5      | Found a broken altar of Ashenzari.
  6436 | D:6      | HP: 9/45 [wight/+4 great sword of freezing (4)]
  6467 | D:6      | HP: 11/45 [phantom (5)]
  6470 | D:5      | Reached skill level 10 in Conjurations
  6470 | D:5      | Reached skill level 9 in Fire Magic
  6737 | D:6      | Identified the +2 scimitar of Gyujemn {freeze, rCorr}
  6958 | D:6      | Identified the +3 leather armour "Liczaub" {Contam rN+
                  | Str+4 Dex+3}
  7904 | D:7      | Reached skill level 11 in Conjurations
  7926 | D:7      | HP: 10/45 [orc warrior/+0 halberd (6)]
  7928 | D:7      | Reached skill level 10 in Fire Magic
  8473 | D:7      | Reached XP level 10. HP: 37/50 MP: 14/19
  8565 | D:7      | Found a staircase to the Ecumenical Temple.
  8576 | D:7      | You add the spells Ignite Poison and Freezing Cloud to your
                  | library.
  8701 | D:7      | Found a glowing golden altar of the Shining One.
  8720 | D:7      | Reached skill level 6 in Spellcasting
  8817 | Temple   | Entered the Ecumenical Temple
  8959 | Temple   | Became a worshipper of Vehumet
  9018 | D:7      | HP: 12/50 [bullfrog (4)]
  9019 | D:7      | HP: 5/50 [orc/+2 mace of protection (8)]
  9390 | D:8      | Reached skill level 1 in Fighting
  9446 | D:8      | Reached skill level 3 in Dodging
  9699 | D:8      | Reached skill level 2 in Fighting
  9706 | D:8      | Reached * piety under Vehumet
  9706 | D:8      | Offered knowledge of Kiss of Death by Vehumet.
  9763 | D:8      | Found Egoeclu's Eclectic Emporium.
  9769 | D:8      | Reached skill level 7 in Spellcasting
  9952 | D:8      | Found a staircase to the Lair.
  9959 | D:8      | Slain by an orc warrior

Vanquished Creatures
  4 yaks (D:8)
  2 steam dragons (D:6)
  2 water moccasins (D:7)
  3 orc warriors
  3 ice beasts
  4 black bears
  A sky beast (D:8)
  4 ogres
  2 centaurs
  A phantom (D:5)
  4 kobold brigands
  7 bullfrogs
  A necrophage (D:6)
  4 scorpions
  3 wights (D:6)
  3 jellies
  2 howler monkeys
  3 hounds
  3 orc priests (D:7)
  A gnoll bouda (D:7)
  6 orc wizards
  6 iguanas
  11 gnolls
  16 adders
  2 river rats (Sewer)
  2 white imps
  3 ufetubi
  4 worms (Sewer)
  A dart slug (D:4)
  17 orcs
  8 endoplasms
  8 giant cockroaches
  7 goblins
  10 hobgoblins
  6 jackals
  14 kobolds
  7 quokkas
  9 ball pythons
  2 bats
  A frilled lizard (D:1)
  14 rats
211 creatures vanquished.

Vanquished Creatures (others)
  An orc wizard (D:7)
  592 foxfires
  7 fungi (D:8)
  3 plants (D:8)
603 creatures vanquished.

Grand Total: 814 creatures vanquished

Table legend:
 A = Non-vault XP
 B = Vault XP
 C = Vault XP percentage of total XP
 D = Non-vault monster count
 E = Vault monster count
 F = Vault count percentage of total count
                 A         B        C        D         E       F
            +---------+---------+-------+---------+---------+-------
      Total |    5667 |    1418 |  20.0 |     162 |      50 |  23.6
            +---------+---------+-------+---------+---------+-------
        D:1 |      41 |       0 |   0.0 |      26 |       0 |   0.0
        D:2 |      45 |       0 |   0.0 |      13 |       0 |   0.0
        D:3 |     111 |       0 |   0.0 |      11 |       0 |   0.0
        D:4 |     602 |     182 |  23.2 |      24 |       8 |  25.0
        D:5 |     837 |     382 |  31.3 |      20 |      10 |  33.3
        D:6 |    1032 |       0 |   0.0 |      14 |       0 |   0.0
        D:7 |    1248 |      93 |   6.9 |      28 |       1 |   3.4
        D:8 |    1751 |     342 |  16.3 |      26 |       3 |  10.3
      Sewer |       0 |     419 | 100.0 |       0 |      28 | 100.0
            +---------+---------+-------+---------+---------+-------

Illustrated notes

Table legend:
 A = Kills in this place as a percentage of kills in entire the game.
 B = Kills by you in this place as a percentage of kills by you in the entire game.
 C = Kills by friends in this place as a percentage of kills by friends in the entire game.
 D = Other kills in this place as a percentage of other kills in the entire game.
 E = Experience gained in this place as a percentage of experience gained in the entire game.
 F = Experience gained in this place divided by the number of levels of this place that you have seen.
                   A       B       C       D       E      F
               +-------+-------+-------+-------+-------+----------------------
         Total | 100.0 | 100.0 |   N/A | 100.0 | 100.0 | 708.5
       Dungeon |  86.8 |  86.7 |   N/A | 100.0 |  94.1 | 833.2
         Sewer |  13.2 |  13.3 |   N/A |   0.0 |   5.9 | 419.0
               +-------+-------+-------+-------+-------+----------------------

Table legend: (Time is in decaauts)
 A = Elapsed time spent in this place.
 B = Non-inter-level travel time spent in this place.
 C = Inter-level travel time spent in this place.
 D = Time resting spent in this place.
 E = Time spent auto-exploring this place.
 F = Levels seen in this place.
 G = Mean time per level.
                   A        B        C        D        E       F      G
               +--------+--------+--------+--------+--------+-----+--------+
         Total |   9495 |   9162 |    333 |    641 |   6886 |  10 |  949.5 |
       Dungeon |   8508 |   8210 |    298 |    518 |   6266 |   8 | 1063.5 |
        Temple |    144 |    110 |     34 |      0 |     94 |   1 |  144.0 |
         Sewer |    843 |    843 |      0 |    122 |    525 |   1 |  843.0 |
               +--------+--------+--------+--------+--------+-----+--------+

Top non-repeatable levels by time:
     D:7: 1504 daAuts
     D:4: 1388 daAuts
     D:6: 1207 daAuts
     D:5: 1043 daAuts
     D:1: 1042 daAuts
     D:2: 855 daAuts
   Sewer: 843 daAuts
     D:3: 797 daAuts
     D:8: 669 daAuts
  Temple: 144 daAuts
